 Dungeon Crawl Stone Soup version 0.18-a0-629-g16988c9 (webtiles) character file.

105 ReteAZ the Insei (level 4, -2/28 HPs)
             Began as an Octopode Transmuter on Dec 4, 2015.
             Blown up by a kobold (22 damage)
             ... with a wand of disintegration
             ... on level 3 of the Dungeon.
             The game lasted 00:04:34 (2711 turns).

ReteAZ the Insei (Octopode Transmuter)              Turns: 2711, Time: 00:04:34

Health: -2/28      AC:  1    Str:  9    XL:     4   Next: 83%
Magic:  7/7        EV: 12    Int: 15    God:
Gold:   127        SH:  0    Dex: 13    Spells: 1 memorised, 6 levels left

rFire  . . .     SeeInvis .       - Unarmed
rCold  . . .     Clarity  .     (no shield)
rNeg   . . .     SustAt   .     (helmet restricted)
rPois  .         Gourm    .     (no amulet)
rElec  .         Spirit   .     (no ring)
rCorr  .         Dismiss  .     (no ring)
rMut   .         Stasis   .     (no ring)
MR     .....                    (no ring)
Stlth  +++.......               (no ring)
                                (no ring)
                                (no ring)
                                (no ring)

@: drained, not resistant to hostile enchantments, fairly stealthy
A: almost no armour, amphibious, 8 rings, constrict 8, camouflage 1, gelatinous
body 1
a: no special abilities


You were on level 3 of the Dungeon.
You were hungry.

You visited 1 branch of the dungeon, and saw 3 of its levels.

You collected 127 gold pieces.

Inventory:

Missiles
 a - 55 arrows
 p - 13 arrows of dispersal
 t - 2 javelins (quivered)
Wands
 u - a wand of random effects (33)
Scrolls
 e - a scroll of blinking {unknown}
 f - 3 scrolls of remove curse {unknown}
 g - a scroll of fog {unknown}
 l - a scroll of enchant armour {unknown}
 m - 3 scrolls of teleportation {unknown}
 o - 3 scrolls of identify {unknown}
 q - a scroll of magic mapping {unknown}
Potions
 d - a potion of magic {unknown}
 i - a potion of haste {unknown}
 j - 4 potions of curing {unknown}
 k - 2 potions of cancellation {unknown}
 n - a potion of degeneration {unknown}
 r - a potion of heal wounds {unknown}
 s - a potion of agility {unknown}
Books
 b - a book of Changes

   Spells                             Type                      Level
   a - Beastly Appendage              Transmutation                1
   b - Sticks to Snakes               Transmutation                2
   c - Spider Form                    Transmutation/Poison         3
   d - Ice Form                       Ice/Transmutation            4
   e - Blade Hands                    Transmutation                5
Comestibles
 c - a bread ration {@e1}
 h - a meat ration {@e2}


   Skills:
 - Level 1.0(0.8) Fighting
 + Level 2.4(2.2) Dodging
 + Level 2.8(2.6) Stealth
 * Level 4.2(4.0) Unarmed Combat
 - Level 2.0(1.7) Spellcasting
 + Level 2.6(2.4) Transmutations


You had 6 spell levels left.
You knew the following spells:

 Your Spells              Type           Power        Failure   Level  Hunger
a - Beastly Appendage     Trmt           #.....       12%         1    ##.....


Dungeon Overview and Level Annotations

Branches:
Dungeon (3/15)

Altars:
Kikubaaqudgha
Ru
Xom
Zin


Innate Abilities, Weirdness & Mutations

You cannot wear most types of armour.
You are amphibious.
You can wear up to eight rings at the same time.
You can use your tentacles to constrict eight enemies at once.
Your skin changes colour to match your surroundings (Stealth).
Your rubbery body absorbs attacks (AC +1).


Message History

You release your grip on the bat.
You release your grip on the kobold.
The bat closely misses you. The bat closely misses you.
The bat closely misses you. The bat hits you.
You barely miss the bat. Your grab misses the bat.
The bat is moderately wounded.
The bat closely misses you.
You miss the bat. Your grab misses the bat. Your squeeze misses the bat.
The bat is moderately wounded.
The bat barely misses you.
You closely miss the bat. Your grab misses the bat.
The bat is moderately wounded.
The bat hits you.
An adder comes into view.
The bat hits you but does no damage.
The kobold zaps a wand.
You are blasted!
You barely miss the kobold. Your grab misses the kobold. The bat hits you.
The bat hits you.
The kobold zaps a wand.
You are blasted!
Ouch! That really hurt!
You die...

## .. #. ###.### #.
....... ###########.
....... ..........>
.....
.######.######## ...
................
#.#########.########
#ZK@b.....#.#
####....#.#.### #
#.##.#.#...# ##
#.##.#.#.#.# #(
#.##.#.#...# #.
#.##<..#.#.# #.
#.##.###'#.# #)
#..).#....## #.
#..###....# #.


You could see a bat, a kobold and an adder skeleton.

Vanquished Creatures
  3 adders (D:2)
  A worm (D:3)
  A giant gecko (D:1)
  5 orcs (D:3)
  8 bats
  9 hobgoblins
  6 jackals
  10 kobolds
  A quokka (D:2)
  4 giant newts
  4 goblins
  20 rats
72 creatures vanquished.

Notes
Turn   | Place    | Note
--------------------------------------------------------------
     0 | D:1      | ReteAZ the Octopode Transmuter began the quest for the Orb.
     0 | D:1      | Reached XP level 1. HP: 13/13 MP: 3/3
   131 | D:1      | Reached skill level 1 in Stealth
   265 | D:1      | Reached XP level 2. HP: 8/18 MP: 5/5
   845 | D:1      | Reached XP level 3. HP: 21/23 MP: 6/6
  1633 | D:2      | Reached XP level 4. HP: 21/28 MP: 7/7
  1750 | D:2      | Found an ancient bone altar of Kikubaaqudgha.
  1750 | D:2      | Found a sacrificial altar of Ru.
  2062 | D:2      | Reached skill level 4 in Unarmed Combat
  2119 | D:3      | Noticed an angel
  2128 | D:3      | Found a shimmering altar of Xom.
  2128 | D:3      | Found a glowing silver altar of Zin.
  2711 | D:3      | Blown up by a kobold

Vault maps used:
D:1:      co_arrival_square_in_a_square_in_a_square
D:2:      gammafunk_temple_overflow_statue, minmay_rat_hole
D:3:      grunt_temple_overflow_order_and_chaos_1, minmay_cut_off

Action                   |  1- 3 |  4- 6 || total
-------------------------+-------+-------++-------
Melee: Unarmed           |   104 |    75 ||   179
 Cast: Beastly Appendage |       |     1 ||     1
 Stab: Sleeping          |     6 |     5 ||    11
       Distracted        |       |     1 ||     1
  Eat: Chunk             |     2 |     3 ||     5
